 Dungeon Crawl Stone Soup version 0.30-a0-721-ga6a225cb13 (webtiles) character file.

Game seed: 6371707649429231938

826 kae the Changer (level 7, -12/52 HPs)
             Began as a Demonspawn Transmuter on Jan 27, 2023.
             Mangled by Pikel
             ... wielding a +2 whip of electrocution
              (17 damage)
             ... on level 5 of the Dungeon.
             The game lasted 00:04:43 (3766 turns).

kae the Changer (Demonspawn Transmuter)             Turns: 3766, Time: 00:04:44

Health: -12/52     AC:  2    Str: 10    XL:     7   Next: 64%
Magic:  10/12      EV: 19    Int: 23    God:
Gold:   284        SH:  0    Dex: 18    Spells: 3/13 levels left

rFire   . . .      SeeInvis .      - Unarmed
rCold   . . .      Faith    .    (shield currently unavailable)
rNeg    + . .      Spirit   .    (body armour currently unavailable)
rPois   x          Reflect  .    (helmet currently unavailable)
rElec   .          Harm     .    (cloak currently unavailable)
rCorr   .          Rampage  .    (gloves currently unavailable)
Will    .....                    (boots currently unavailable)
Stlth   ++                       g - amulet of regeneration
HPRegen 1.08/turn                I - +6 ring of intelligence
MPRegen 0.13/turn                N - ring of positive energy

@: spider-form
A: venomous fangs, tiny, (claws 1), powered by death 1, (sanguine armour 1)
a: End Transformation


You were on level 5 of the Dungeon.
You were a venomous arachnid creature.
You visited 1 branch of the dungeon, and saw 5 of its levels.

You collected 284 gold pieces.


Innate Abilities, Weirdness & Mutations

You are a venomous arachnid creature.
You have venomous fangs.
You are tiny and dextrous.
Your spellcasting is less reliable in this form.
Your armour is entirely melded.
You are incapable of wielding weapons or throwing items.
((You have sharp fingernails.))
You regenerate a little health from kills.
((When seriously injured, your blood forms armour. (AC +0)))


   Skills:
 + Level 3.2 Fighting
 - Level 1.7 Dodging
 + Level 4.3 Unarmed Combat
 + Level 3.9 Spellcasting
 * Level 5.2 Transmutations
 - Level 2.0 Poison Magic


You had 3 spell levels left.
You knew the following spells:

 Your Spells              Type           Power      Damage    Failure   Level
a - Beastly Appendage     Tmut           56%        N/A       6%          1
b - Wereblood             Tmut           28%        N/A       8%          2
c - Spider Form           Tmut/Pois      21%        N/A       19%         3
d - Ice Form              Ice/Tmut       16%        N/A       56%         4

Your spell library contained the following spells:

 Spells                   Type           Power      Damage    Failure   Level
 Foxfire                  Conj/Fire      16%        2x1d4     26%         1
 Kiss of Death            Conj/Necr      16%        2d6       26%         1
 Slow                     Hex            16%        N/A       26%         1
 Cigotuvi's Dreadful Rot  Necr/Pois/Air  14%        N/A       28%         2
 Confusing Touch          Hex            4%         N/A       54%         3
 Vampiric Draining        Necr           4%         2d6       54%         3
 Olgreb's Toxic Radiance  Pois           13%        N/A       65%         4
 Dispel Undead            Necr           4%         3d7       87%         4
 Fireball                 Conj/Fire      2%         3d4       99%         5
 Eringya's Noxious Bog    Tmut/Pois      10%        N/A       99%         6
 Starburst                Conj/Fire      2%         6d3       100%        6
 Infestation              Necr           2%         N/A       100%        8

Inventory:

Missiles
 f - 34 stones
 l - 6 boomerangs
 n - 5 poisoned darts
Armour
 a - a +1 robe
 o - quicksilver dragon scales (melded) {rare}
   (You found it on level 4 of the Dungeon)
Jewellery
 g - an amulet of regeneration (around neck)
   (You found it on level 2 of the Dungeon)
 k - an amulet of magic regeneration
   (You found it on level 3 of the Dungeon)
 I - a +6 ring of intelligence (left front pincers)
   (You found it on level 2 of the Dungeon)
 N - a ring of positive energy (right front pincers)
   (You found it on level 5 of the Dungeon)
Wands
 m - a wand of flame (15)
   (You found it on level 5 of the Dungeon)
Scrolls
 d - 3 scrolls of amnesia
 h - a scroll of magic mapping {!r}
 p - a scroll of brand weapon {unknown}
 q - a scroll of vulnerability {unknown}
 r - 3 scrolls of immolation {unknown}
Potions
 b - a potion of curing {unknown}
 c - 2 potions of mutation {unknown}
 e - a potion of degeneration {unknown}
 i - a potion of heal wounds {@q2}
 j - 4 potions of flight {unknown}

Dungeon Overview and Level Annotations

Branches:
Dungeon (5/15) Zot: 26253
 Temple: D:4-7

Altars:
Kikubaaqudgha
Makhleb
Okawaru
Yredelemnul

Shops:
D:1 (

Annotations:
D:5 Pikel

#.########.## #.#
#.# #.# #.# #.#
#.# #.########.#
#.#........#
#.#.########
#5#######.#.#
#555Ks.##.#.# ###
######.##.#.# #..
#.##.#.########.#
#.##.#..........#
#.##......>......
#.###########.#.#
#[# #.#.#
#.####### #.#.#
#.......#####.#.#


You could see Pikel (extremely poisoned) and 4 lemures.


Message History

An ogre is nearby!
Casting: Beastly Appendage (safe; 3% risk of failure)
Confirm with . or Enter, or press ? or * to list all spells.
You miscast Spider Form.
You are very lightly contaminated with residual magic.
Nothing appears to happen. 😎 MP[-3]
You lost 3 mp, and now have 9/12 mp.
Casting: Spider Form (dangerous; 19% risk of failure)
Confirm with . or Enter, or press ? or * to list all spells.
You turn into a venomous arachnid creature.
Your quicksilver dragon scales {rare} melds into your body.
The ogre closely misses you.
The ogre completely misses you. 😎 MP[-3]
You lost 3 mp, and now have 6/12 mp.
An ogre is nearby!
You hit the ogre.
The ogre is poisoned.
Unknown command.
You hit the ogre but do no damage. The ogre barely misses you.
You hit the ogre but do no damage.
The ogre looks as sick as possible!
Unknown command.
You hit the ogre.
The ogre looks as sick as possible!
The ogre hits you with a +0 giant spiked club!! 😮 HP[-20]
You take 20 damage, and now have 32/52 hp.
MASSIVE DAMAGE!! (PAUSE)
You hit the ogre. The ogre misses you. 😮 HP[+1] MP[+1]
You hit the ogre but do no damage.
The ogre looks as sick as possible! 😮 HP[+1]
You hit the ogre.
The ogre looks as sick as possible!
The ogre completely misses you. 😮 HP[+1]
You barely miss the ogre.
Your magical contamination has completely faded away. 😮 HP[+1]
You bite the ogre!
The ogre looks as sick as possible!
The ogre completely misses you. 😮 HP[+1]
You kill the ogre! 😮 HP[+1] 😮 HP[+1] Unknown command.
Unknown command.
Your transformation is almost over.
Your transformation has ended.
Your quicksilver dragon scales {rare} unmelds from your body. 😕 HP[+12] MP[+2]
You regained 12 hp, and now have 51/52 hp.
You regained 2 mp, and now have 9/12 mp.
f - 34 stones (gained 8)
You see here a +0 chain mail.
Pikel and 2 lemures come into view.
Pikel is wielding a +2 whip of electrocution.
Pikel shouts!
The lemure shouts! x2 😎 HP[+1] MP[+3]
Your hp is fully restored (52).
Your mp is fully restored (12).
Casting: Spider Form (dangerous; 19% risk of failure)
Confirm with . or Enter, or press ? or * to list all spells.
You turn into a venomous arachnid creature.
Your quicksilver dragon scales {rare} melds into your body. 😎 MP[-3]
You lost 3 mp, and now have 9/12 mp.
You hit Pikel but do no damage.
Pikel is poisoned.
Pikel closely misses you.
A lemure comes into view.
The lemure shouts!
You hit Pikel.
Pikel looks as sick as possible!
You hear a shout!
Pikel hits you with a +2 whip of electrocution. 😕 HP[-5]
You take 5 damage, and now have 47/52 hp.
Unknown command.
You hit Pikel but do no damage.
Pikel looks as sick as possible!
Pikel barely misses you. 😕 HP[+1]
You barely miss Pikel.
Pikel hits you with a +2 whip of electrocution! 😮 HP[-11]
You take 11 damage, and now have 37/52 hp.
MASSIVE DAMAGE!! (PAUSE)
You hit Pikel.
Pikel looks as sick as possible!
Pikel hits you with a +2 whip of electrocution!
You are electrocuted!
* * * LOW HITPOINT WARNING * * *
A lemure comes into view. 😨 HP[-19] MP[+1]
You take 19 damage, and now have 18/52 hp.
MASSIVE DAMAGE!! (PAUSE)
You barely miss Pikel.
Pikel hits you with a +2 whip of electrocution!
* * * LOW HITPOINT WARNING * * *
😱 HP[-6]
You take 6 damage, and now have 12/52 hp.
Unknown command.
You hit Pikel.
Pikel hits you with a +2 whip of electrocution!
* * * LOW HITPOINT WARNING * * *
You are electrocuted!
You die...

Skill      XL: |  1  2  3  4  5  6  7 |
---------------+----------------------+-----
Transmutations | 2 3 4 5 |  5.2
Unarmed Combat | 3 4 |  4.3
Poison Magic   | 1 2 |  2.0
Fighting       | 2 3 |  3.2
Spellcasting   | 3 |  3.9
Dodging        | |  1.7

Action                     |  1- 3 |  4- 6 |  7- 9 || total
---------------------------+-------+-------+-------++-------
  Melee: Unarmed           |   114 |   133 |    56 ||   303
         Kick              |    18 |    16 |    13 ||    47
         Headbutt          |    13 |    10 |    10 ||    33
         Punch             |     3 |     4 |     1 ||     8
   Cast: Beastly Appendage |    31 |     8 |     3 ||    42
         Wereblood         |     1 |     4 |       ||     5
         Spider Form       |       |     4 |     2 ||     6
    Use: Scroll            |     7 |     2 |       ||     9
         Potion            |       |     2 |       ||     2
 Armour: Robe              |    15 |     6 |       ||    21
         Skin              |       |    17 |       ||    17
         Quicksilver drago |       |    32 |    21 ||    53
  Dodge: Dodged            |    62 |    59 |    24 ||   145

Levels and vault maps discovered:
D:1:      minmay_arrival_doors, layout_basic, serial_shops,
          nicolae_shop_hallway_plus, minmay_misc_feat_cross, nicolae_wormholes
D:2:      layout_rooms, serial_aquarium, aquarium_bridge_square
          [aquarium_subvault_wall, aquarium_subvault_bridge,
          aquarium_subvault_balcony, aquarium_subvault_wall],
          aquarium_bridge_square [aquarium_subvault_window,
          aquarium_subvault_bridge, aquarium_subvault_window,
          aquarium_subvault_wall], aquarium_window_2, aquarium_window_1,
          aquarium_window_corridor_3, aquarium_view_2e, aquarium_view_2a,
          aquarium_balcony_3b
D:3:      layout_basic, chequers_temple_overflow_statue_of_worship,
          serial_co_window_serial, co_window_of_opportunity_a,
          co_window_paths_b, co_window_of_opportunity_a, co_window_paths_b,
          co_window_of_opportunity_a, co_window_broadway_b,
          co_window_of_opportunity_b, co_window_2corner, co_window_broadway_c,
          co_window_corner_b, co_window_of_opportunity_b, glass_columns_b,
          glass_columns_a, glass_columns_c, glass_columns_a, glass_columns_b
D:4:      layout_cave_pools, makhleb_blood_cavern_becter, uniq_blork_the_orc
D:5:      layout_loops_ring, minmay_temple_entry_statues_pillars, uniq_pikel

Notes
Turn   | Place    | Note
-------+----------+-------------------------------------------
     0 | D:1      | kae the Demonspawn Transmuter began the quest for the Orb.
     0 | D:1      | Reached XP level 1. HP: 15/15 MP: 3/3
     0 | D:1      | magus.rc [v1.11.3]
    32 | D:1      | You fall into a shaft and drop 1 floor!
   130 | D:2      | Reached skill level 2 in Transmutations
   146 | D:2      | Gained mutation: You have sharp fingernails. [demonic
                  | ancestry]
   146 | D:2      | Reached XP level 2. HP: 19/21 MP: 1/5
   487 | D:1      | Reached skill level 3 in Unarmed Combat
   591 | D:1      | Reached XP level 3. HP: 26/26 MP: 4/6
   594 | D:1      | Learned a level 2 spell: Wereblood
   604 | D:1      | Learned a level 3 spell: Spider Form
   631 | D:1      | You pick up a book of Touch and begin reading...
   631 | D:1      | You add the spells Kiss of Death, Confusing Touch and
                  | Dispel Undead to your library.
   669 | D:1      | Found Dyom's Antique Weapon Boutique.
  1305 | D:2      | You pick up a book of Fire and begin reading...
  1305 | D:2      | You add the spells Foxfire, Fireball and Starburst to your
                  | library.
  1705 | D:3      | Found a basalt altar of Yredelemnul.
  1708 | D:3      | Found an ancient bone altar of Kikubaaqudgha.
  1709 | D:3      | Found an iron altar of Okawaru.
  2492 | D:3      | Reached skill level 3 in Transmutations
  2492 | D:3      | Reached skill level 1 in Poison Magic
  2492 | D:3      | Reached XP level 4. HP: 15/32 MP: 4/7
  2509 | D:3      | HP: 8/32 [something (3)]
  2514 | D:3      | HP: 7/32 [something (3)]
  2516 | D:3      | HP: 2/32 [something (3)]
  2820 | D:4      | Noticed a scorpion
  2828 | D:4      | Killed a scorpion
  2829 | D:4      | Reached XP level 5. HP: 31/38 MP: 4/9
  2842 | D:4      | o - quicksilver dragon scales {rare}
  2863 | D:4      | You finish putting on your quicksilver dragon scales
                  | {rare}.
  2894 | D:4      | Noticed a steam dragon
  2896 | D:4      | your quicksilver dragon scales {rare} melds into your body.
  2907 | D:4      | Killed a steam dragon
  2908 | D:4      | Reached skill level 2 in Fighting
  2908 | D:4      | Reached skill level 3 in Spellcasting
  2908 | D:4      | Reached skill level 4 in Transmutations
  2908 | D:4      | Reached skill level 2 in Poison Magic
  2908 | D:4      | Gained mutation: When seriously injured, your blood forms
                  | armour. (AC +0) [demonic ancestry]
  2908 | D:4      | Reached XP level 6. HP: 44/44 MP: 10/10
  2937 | D:4      | your quicksilver dragon scales {rare} unmelds from your
                  | body.
  2984 | D:4      | Noticed Blork the orc
  2985 | D:4      | Learned a level 4 spell: Ice Form
  2996 | D:4      | Killed Blork the orc
  3040 | D:4      | Identified the +2 trident of Vaskix {heavy, rC+ rN+++ rCorr
                  | Dex-2}
  3050 | D:4      | Found a burning altar of Makhleb.
  3128 | D:4      | You pick up a book of Debilitation and begin reading...
  3128 | D:4      | You add the spells Slow and Vampiric Draining to your
                  | library.
  3352 | D:5      | Entered Level 5 of the Dungeon
  3405 | D:5      | Reached skill level 4 in Unarmed Combat
  3405 | D:5      | Gained mutation: You regenerate a little health from kills.
                  | [demonic ancestry]
  3405 | D:5      | Reached XP level 7. HP: 43/51 MP: 12/12
  3492 | D:5      | Reached skill level 3 in Fighting
  3492 | D:5      | Reached skill level 5 in Transmutations
  3588 | D:5      | You add the spells Cigotuvi's Dreadful Rot, Olgreb's Toxic
                  | Radiance, Eringya's Noxious Bog and Infestation to your
                  | library.
  3588 | D:5      | Got Sif Muna's Textbook on Peccant Shadows
  3614 | D:5      | You pick up a book of Debilitation and begin reading...
  3688 | D:5      | your quicksilver dragon scales {rare} melds into your body.
  3711 | D:5      | your quicksilver dragon scales {rare} unmelds from your
                  | body.
  3756 | D:5      | Noticed Pikel
  3757 | D:5      | your quicksilver dragon scales {rare} melds into your body.
  3765 | D:5      | HP: 12/52 [Pikel/+2 whip of electrocution (7)]
  3766 | D:5      | HP: 5/52 [Pikel/+2 whip of electrocution (8)]
  3766 | D:5      | Mangled by Pikel

Vanquished Creatures
  A steam dragon (D:4)
  An ice beast (D:5)
  An ogre (D:5)
  Blork the orc (D:4)
  A necrophage (D:4)
  A scorpion (D:4)
  A hound (D:5)
  3 orc priests
  An iguana (D:5)
  2 orc wizards
  A hound skeleton (D:4)
  An adder (D:2)
  A shadow imp (D:5)
  An ufetubus (D:5)
  3 worms
  14 orcs
  9 ball pythons
  2 bats (D:1)
  8 endoplasms
  4 giant cockroaches
  5 goblins
  5 hobgoblins
  7 jackals (D:4)
  2 quokkas
  2 frilled lizards (D:1)
  6 kobolds
  5 rats
89 creatures vanquished.

Table legend:
 A = Non-vault XP
 B = Vault XP
 C = Vault XP percentage of total XP
 D = Non-vault monster count
 E = Vault monster count
 F = Vault count percentage of total count
                 A         B        C        D         E       F
            +---------+---------+-------+---------+---------+-------
      Total |     978 |     203 |  17.2 |      85 |       4 |   4.5
            +---------+---------+-------+---------+---------+-------
        D:1 |      24 |       5 |  17.2 |      15 |       1 |   6.2
        D:2 |      36 |       0 |   0.0 |      13 |       0 |   0.0
        D:3 |     105 |       0 |   0.0 |      16 |       0 |   0.0
        D:4 |     330 |     198 |  37.5 |      28 |       3 |   9.7
        D:5 |     483 |       0 |   0.0 |      13 |       0 |   0.0
            +---------+---------+-------+---------+---------+-------

Illustrated notes

Table legend:
 A = Kills in this place as a percentage of kills in entire the game.
 B = Kills by you in this place as a percentage of kills by you in the entire game.
 C = Kills by friends in this place as a percentage of kills by friends in the entire game.
 D = Other kills in this place as a percentage of other kills in the entire game.
 E = Experience gained in this place as a percentage of experience gained in the entire game.
 F = Experience gained in this place divided by the number of levels of this place that you have seen.
                   A       B       C       D       E      F
               +-------+-------+-------+-------+-------+----------------------
         Total | 100.0 | 100.0 |   N/A |   N/A | 100.0 | 236.2
       Dungeon | 100.0 | 100.0 |   N/A |   N/A | 100.0 | 236.2
               +-------+-------+-------+-------+-------+----------------------

Table legend: (Time is in decaauts)
 A = Elapsed time spent in this place.
 B = Non-inter-level travel time spent in this place.
 C = Inter-level travel time spent in this place.
 D = Time resting spent in this place.
 E = Time spent auto-exploring this place.
 F = Levels seen in this place.
 G = Mean time per level.
                   A        B        C        D        E       F      G
               +--------+--------+--------+--------+--------+-----+--------+
         Total |   3745 |   3580 |    165 |     41 |   2768 |   5 |  749.0 |
       Dungeon |   3745 |   3580 |    165 |     41 |   2768 |   5 |  749.0 |
               +--------+--------+--------+--------+--------+-----+--------+

Top non-repeatable levels by time:
     D:3: 1121 daAuts
     D:1: 898 daAuts
     D:4: 673 daAuts
     D:2: 645 daAuts
     D:5: 408 daAuts
